[Event "Titled Tuesday Blitz September 20 Late 2022"]
[White "Vykouk, Jan"]
[Black "Mortazavi, Ali"]
[WhiteFideId "349658"]
[BlackFideId "401323"]
[WhiteElo "2352"]
[BlackElo "2339"]
[Result "1-0"]
[Round "06"]
[TimeControl "180+1"]
[Date "2022.09.20"]
[WhiteClock "0:00:44"]
[BlackClock "0:00:03"]

1. e4 c6 2. Nc3 d5 3. Nf3 dxe4 4. Nxe4 Nf6 5. Qe2 Be6 6. Ng3 g6 7. c4 c5 8. Ng5 Bg4 9. f3 Bc8 10. N3e4 Nxe4 11. Nxe4 Bg7 12. Nxc5 O-O 13. Ne4 Nc6 14. d3 Nd4 15. Qd1 f5 16. Nc3 e5 17. Be2 Qh4+ 18. g3 Qh3 19. Bf1 Qh5 20. Bg2 Be6 21. O-O Rad8 22. Be3 f4 23. Bxd4 fxg3 24. hxg3 exd4 25. Ne4 g5 26. f4 Qxd1 27. Raxd1 gxf4 28. gxf4 Bg4 29. Rd2 Bh6 30. Rdf2 Kh8 31. Ng5 Rd7 32. Be4 Rg7 33. Rg2 Bc8 34. Rff2 b6 35. Rg3 a5 36. Rh2 Bxg5 37. fxg5 Bf5 38. Rf2 Rgf7 39. Rgf3 Bg6 40. Rxf7 Rxf7 41. Rxf7 Bxf7 42. Kf2 Kg7 43. Kf3 h6 44. gxh6+ Kxh6 45. Kf4 1-0


[Site "https://www.chess.com"]

[Event "Titled Tuesday Blitz September 20 Late 2022"]
[White "Yanchenko, Roman"]
[Black "Medeiros Jr, Francisco De Assis"]
[WhiteFideId "4137329"]
[BlackFideId "2114267"]
[WhiteElo "2514"]
[BlackElo "2040"]
[Result "1-0"]
[Round "06"]
[TimeControl "180+1"]
[Date "2022.09.20"]
[WhiteClock "0:00:35"]
[BlackClock "0:00:06"]

1. d4 d5 2. c4 e6 3. Nc3 a6 4. cxd5 exd5 5. Bf4 c6 6. e3 Bd6 7. Bg3 Ne7 8. Bd3 Bf5 9. Rb1 O-O 10. b4 Bxg3 11. hxg3 Qd7 12. Nf3 Bxd3 13. Qxd3 Qf5 14. Kd2 Nd7 15. a4 Nb6 16. g4 Nc4+ 17. Ke2 Qxd3+ 18. Kxd3 b5 19. a5 f6 20. Ne2 Nc8 21. Nd2 Nxd2 22. Kxd2 Nd6 23. Nf4 Ne4+ 24. Ke1 Rfe8 25. Rc1 Rac8 26. Ke2 Nd6 27. Rc5 Nc4 28. Rh5 g6 29. Rh1 Kg7 30. Kd3 Nb2+ 31. Kd2 Nc4+ 32. Ke2 Nd6 33. Rhc1 Nc4 34. Rc3 Kf7 35. Rc2 Kg7 36. Kf3 Kf7 37. Kg3 Kg7 38. Rc1 Kf7 39. Nh3 Re6 40. g5 Rce8 41. gxf6 Kxf6 42. Nf4 Rd6 43. Kf3 h5 44. Nd3 Nd2+ 45. Ke2 Nc4 46. Ne5 Nxe5 47. dxe5+ Kxe5 48. Rxc6 Ree6 49. R6c5 Re7 50. Kd3 Rf6 51. f3 Ref7 52. Rc8 g5 53. Re8+ Kf5 54. Rc5 Rd6 55. e4+ Kg6 56. Rxd5 Rxd5+ 57. exd5 g4 58. fxg4 hxg4 59. Re6+ Kg5 60. Rxa6 Rf2 61. Rb6 Rxg2 62. d6 Rg1 63. Ke2 Rg2+ 64. Ke3 Rg3+ 65. Ke4 Rg1 66. Rxb5+ Kf6 67. a6 Ke6 68. a7 1-0


[Site "https://www.chess.com"]

[Event "Titled Tuesday Blitz September 20 Late 2022"]
[White "Aggelis, Nikolaos"]
[Black "Korchmar, Vasiliy"]
[WhiteFideId "4213220"]
[BlackFideId "24131750"]
[WhiteElo "2154"]
[BlackElo "2370"]
[Result "0-1"]
[Round "07"]
[TimeControl "180+1"]
[Date "2022.09.20"]
[WhiteClock "0:00:35"]
[BlackClock "0:01:38"]

1. e4 c5 2. Nc3 d6 3. g3 Nc6 4. Bg2 g6 5. d3 Bg7 6. Be3 Rb8 7. Qd2 h5 8. h3 b5 9. Nge2 b4 10. Nd1 e6 11. O-O Nge7 12. c3 a5 13. a3 bxc3 14. bxc3 a4 15. d4 Na5 16. Ra2 Nc4 17. Qc1 Nxe3 18. Nxe3 Ba6 19. Re1 O-O 20. d5 exd5 21. Nxd5 Nxd5 22. exd5 Rb3 23. Rc2 Re8 24. c4 Bc8 25. Nf4 Rxe1+ 26. Qxe1 Rxa3 27. Qe2 Ra1+ 28. Kh2 Bf5 29. Ra2 Rxa2 30. Qxa2 Qa5 31. Ne2 a3 32. Nc1 Qb4 33. Nb3 Bb2 34. Bf1 Bc2 35. Nc1 Qe1 0-1


[Site "https://www.chess.com"]

[Event "Titled Tuesday Blitz September 20 Late 2022"]
[White "Andreikin, Dmitry"]
[Black "Maksimovic, Bojan"]
[WhiteFideId "4158814"]
[BlackFideId "14408120"]
[WhiteElo "2736"]
[BlackElo "2447"]
[Result "1-0"]
[Round "07"]
[TimeControl "180+1"]
[Date "2022.09.20"]
[WhiteClock "0:01:11"]
[BlackClock "0:00:01"]

1. Nf3 Nf6 2. g3 g6 3. Bg2 Bg7 4. O-O O-O 5. d4 d6 6. Nc3 Nc6 7. d5 Nb8 8. e4 Bg4 9. Be3 Nbd7 10. Qd2 Bxf3 11. Bxf3 Ne5 12. Be2 c6 13. f4 Neg4 14. Bd4 c5 15. Bxf6 Nxf6 16. Bf3 Nd7 17. Rae1 Qb6 18. Nd1 c4+ 19. Kg2 Nc5 20. e5 Rad8 21. Nc3 dxe5 22. fxe5 Qxb2 23. Rb1 Qa3 24. Qd4 a6 25. Rfe1 b5 26. h4 Na4 27. Nxa4 Qxa4 28. Be4 e6 29. d6 Qa5 30. h5 b4 31. Bc6 Qxa2 32. Be4 Qa5 33. Bc6 b3 34. c3 Rc8 35. Ra1 Bxe5 36. Rxe5 Qxa1 37. h6 Rxc6 38. Rxe6 f6 39. Rxf6 Qb2+ 40. Kh3 1-0


[Site "https://www.chess.com"]

[Event "Titled Tuesday Blitz September 20 Late 2022"]
[White "Becerra, Juan David"]
[Black "Kalogeris, Ioannis"]
[WhiteFideId "4404998"]
[BlackFideId "4239563"]
[WhiteElo "2278"]
[BlackElo "2291"]
[Result "1-0"]
[Round "07"]
[TimeControl "180+1"]
[Date "2022.09.20"]
[WhiteClock "0:00:04"]
[BlackClock "0:00:11"]

1. d4 d5 2. c4 c6 3. cxd5 cxd5 4. Bf4 Nf6 5. Nc3 Nc6 6. e3 Bf5 7. Be2 e6 8. g4 Bg6 9. g5 Ne4 10. Nxe4 Bxe4 11. f3 Bf5 12. h4 Qb6 13. b3 e5 14. dxe5 d4 15. Kf2 Rd8 16. Qc1 Bc5 17. Nh3 d3 18. Bd1 O-O 19. Kg3 d2 20. Qc4 Bxe3 21. Bxe3 Qxe3 22. Qf4 Qe1+ 23. Nf2 Qxe5 24. Qxe5 Nxe5 25. Kf4 Nd3+ 26. Nxd3 Bxd3 27. b4 Rfe8 28. Bb3 Be2 29. Bd1 Rd4+ 30. Kg3 Bd3 31. a3 Re1 32. Bb3 Rxa1 33. Rxa1 Kf8 34. Kf2 Bc4 35. Bd1 Ke7 36. Rb1 Ke6 37. Rb2 Ke5 38. Ke3 Rxh4 39. Rxd2 Bd5 40. f4+ Ke6 41. Rf2 Rh3+ 42. Kd4 g6 43. Bg4+ f5 44. Bxh3 1-0


[Site "https://www.chess.com"]

[Event "Titled Tuesday Blitz September 20 Late 2022"]
[White "Besedes, Danilo"]
[Black "Papasimakopoulos, Alexandros"]
[WhiteFideId "946796"]
[BlackFideId "4244125"]
[WhiteElo "2352"]
[BlackElo "2357"]
[Result "1/2-1/2"]
[Round "07"]
[TimeControl "180+1"]
[Date "2022.09.20"]
[WhiteClock "0:00:06"]
[BlackClock "0:00:17"]

1. d4 e6 2. Bf4 d5 3. e3 Bd6 4. Bg3 Ne7 5. Nd2 Nf5 6. Ngf3 c5 7. c3 Nc6 8. Bd3 Nxg3 9. hxg3 h6 10. dxc5 Bxc5 11. e4 Qb6 12. O-O Qxb2 13. exd5 exd5 14. Re1+ Be7 15. Rb1 Qxc3 16. Bb5 Be6 17. Qa4 O-O 18. Rbc1 Qa3 19. Bxc6 bxc6 20. Qxa3 Bxa3 21. Rxc6 Rfc8 22. Ra6 Bb4 23. Rb1 Bc5 24. Nb3 Bb6 25. Nbd4 Bg4 26. a4 Bxf3 27. Nxf3 Rab8 28. Rd1 Rc2 29. Rd2 Rbc8 30. a5 Rxd2 31. Nxd2 Bc5 32. Nb3 d4 33. Nxc5 Rxc5 34. Rxa7 Rd5 35. Kf1 d3 36. Ke1 Re5+ 37. Kd1 Re2 38. Rd7 Rxf2 39. Rxd3 Ra2 40. Ke1 Rxa5 41. Kf1 Ra4 42. Kg1 g6 43. Kh2 h5 44. Rd5 Kg7 45. Rb5 Re4 46. Rc5 Kf6 47. Rb5 Re5 48. Rb6+ Kg5 49. Rb7 f6 50. Rb4 Ra5 51. Kh3 Rc5 52. Ra4 Rc1 53. Kh2 Rd1 54. Rb4 Rd5 55. Ra4 f5 56. Rb4 Re5 57. Ra4 Re1 58. Rb4 Re4 59. Rb6 Rc4 60. Rd6 Rc2 61. Rb6 Ra2 62. Rc6 Ra4 63. Rb6 h4 64. gxh4+ Rxh4+ 65. Kg3 Ra4 66. Rb3 Kh5 67. Kh2 g5 68. Kg3 f4+ 69. Kh3 g4+ 70. Kh2 Ra2 71. Kg1 Ra1+ 72. Kf2 g3+ 73. Kf3 Rf1+ 74. Ke4 Kg4 75. Rb8 Re1+ 76. Kd3 Rg1 77. Rg8+ Kh5 78. Ke4 Rf1 79. Kf5 Kh6 80. Kg4 Rf2 81. Kh3 Kh7 82. Rg4 Kh6 83. Rg8 Rf1 84. Kg4 Kh7 85. Rg5 Rf2 86. Kh3 Rc2 87. Rg4 Rc4 88. Kh4 Kh6 89. Rg8 Rc2 90. Kh3 Rf2 91. Rg4 Kh5 92. Rg8 Rf1 93. Rh8+ Kg5 94. Rg8+ Kf5 95. Rf8+ Ke5 96. Re8+ Kd4 97. Kg4 Rf2 98. Kh3 Kd3 99. Re7 Kd2 100. Re6 Re2 101. Rf6 Re4 102. Kg4 Ke3 103. Kh3 Kf2 104. Rb6 Re3 105. Rb2+ Re2 106. Rb4 f3 107. Rf4 Re3 108. Rf5 Rb3 109. Rf6 Ke2 110. gxf3 Kf2 111. Rg6 Rxf3 112. Rg5 g2+ 113. Kh2 Rf8 114. Rxg2+ Kf1 115. Rg3 Kf2 116. Rh3 Rg8 117. Rh5 Rf8 118. Kh3 Kf3 119. Kh4 Rg8 120. Rf5+ Ke4 121. Rf7 Ke5 122. Rf1 Rg2 123. Kh3 Rg8 124. Kh4 Ke4 125. Kh3 Rh8+ 126. Kg3 Rh7 127. Kg4 Rg7+ 128. Kh5 Rg2 129. Kh4 Ke3 130. Kh3 Rf2 131. Rxf2 Kxf2 1/2-1/2


[Site "https://www.chess.com"]

[Event "Titled Tuesday Blitz September 20 Late 2022"]
[White "Bok, Benjamin"]
[Black "Timmermans, Mark"]
[WhiteFideId "1017063"]
[BlackFideId "1026399"]
[WhiteElo "2658"]
[BlackElo "2460"]
[Result "1-0"]
[Round "07"]
[TimeControl "180+1"]
[Date "2022.09.20"]
[WhiteClock "0:00:06"]
[BlackClock "0:00:04"]

1. d4 Nf6 2. c4 e6 3. Nc3 Bb4 4. Qc2 O-O 5. a3 Bxc3+ 6. Qxc3 b5 7. cxb5 c6 8. Bg5 cxb5 9. e3 Bb7 10. f3 a6 11. Bd3 Nc6 12. Ne2 h6 13. Bh4 Nd5 14. Bxd8 Nxc3 15. Bh4 Nxe2 16. Kxe2 Rfc8 17. Be1 Ne7 18. e4 f5 19. Bd2 fxe4 20. fxe4 d5 21. e5 Nf5 22. Bc3 h5 23. Rhg1 a5 24. Bxb5 Ba6 25. Bxa6 Rxa6 26. Kd3 a4 27. g4 hxg4 28. Rxg4 Rb6 29. Rag1 Rb3 30. h4 Kf7 31. h5 Rh8 32. Rg5 Rc8 33. Rf1 Rc4 34. Rfxf5+ exf5 35. Rxf5+ Ke6 36. Rg5 Rc7 37. Rg6+ Kf5 38. Rd6 Rb5 39. Ra6 Rc8 40. Rxa4 Rh8 41. Ra7 Rxh5 42. Rxg7 Rh3+ 43. Kc2 Rh2+ 44. Kb1 Rh3 45. Ka2 Re3 46. a4 Rb8 47. a5 Rh3 48. Rc7 Ke6 49. b4 Rf8 50. Kb3 Rf1 51. a6 Ra1 52. b5 1-0


[Site "https://www.chess.com"]

[Event "Titled Tuesday Blitz September 20 Late 2022"]
[White "Bykhovsky, Anatoly"]
[Black "Alexikov, Alexander"]
[WhiteFideId "2806991"]
[BlackFideId "14103958"]
[WhiteElo "2540"]
[BlackElo "2222"]
[Result "1-0"]
[Round "07"]
[TimeControl "180+1"]
[Date "2022.09.20"]
[WhiteClock "0:01:26"]
[BlackClock "0:00:07"]

1. d4 Nf6 2. Nf3 g6 3. c4 Bg7 4. Nc3 d6 5. Bg5 O-O 6. e3 c6 7. Nd2 a6 8. Be2 b5 9. O-O h6 10. Bh4 Bb7 11. b4 Nbd7 12. c5 dxc5 13. bxc5 e5 14. Nde4 g5 15. Bg3 exd4 16. exd4 Nxe4 17. Nxe4 Nf6 18. Nd6 Bc8 19. Bf3 Bd7 20. a4 b4 21. a5 Nd5 22. Re1 Nc3 23. Qd3 Nb5 24. Be5 f6 25. Bg3 Nxd6 26. Bxd6 Re8 27. Qc4+ Kh8 28. Qxb4 f5 29. Rxe8+ Bxe8 30. Re1 g4 31. Bd1 Bf7 32. Bc2 Qg5 33. Qb7 Re8 34. Rf1 Bd5 35. Qd7 Re6 36. Rb1 Kh7 37. Be5 Rxe5 38. dxe5 Be4 39. Bxe4 fxe4 40. e6 e3 41. fxe3 Qxe3+ 42. Kh1 Qe4 43. Rd1 1-0


[Site "https://www.chess.com"]

[Event "Titled Tuesday Blitz September 20 Late 2022"]
[White "Caruana, Fabiano"]
[Black "Panarin, Mikhail"]
[WhiteFideId "2020009"]
[BlackFideId "4153251"]
[WhiteElo "2847"]
[BlackElo "2495"]
[Result "1-0"]
[Round "07"]
[TimeControl "180+1"]
[Date "2022.09.20"]
[WhiteClock "0:00:36"]
[BlackClock "0:00:02"]

1. d4 Nf6 2. Nf3 c5 3. d5 d6 4. c4 e6 5. Nc3 exd5 6. cxd5 g6 7. e4 Bg7 8. Be2 O-O 9. Nd2 Re8 10. O-O Nbd7 11. Re1 Ne5 12. Nf1 a6 13. a4 c4 14. h3 Bd7 15. a5 Bb5 16. Be3 Nfd7 17. f4 Nd3 18. Bxd3 cxd3 19. Nxb5 axb5 20. Qxd3 Rxa5 21. Rab1 Nc5 22. Bxc5 dxc5 23. e5 Qb6 24. Kh1 Ra4 25. Qf3 Rd4 26. Rbd1 c4 27. Ng3 b4 28. Ne4 Rxd1 29. Rxd1 Rd8 30. d6 Qc6 31. Ng5 Qxf3 32. Nxf3 Kf8 33. Rd5 Rc8 34. Nd4 c3 35. bxc3 bxc3 36. Nc2 f6 37. e6 f5 38. e7+ Kf7 39. d7 1-0


[Site "https://www.chess.com"]

[Event "Titled Tuesday Blitz September 20 Late 2022"]
[White "Ceres, Dragos"]
[Black "Adewumi, Tanitoluwa"]
[WhiteFideId "13905864"]
[BlackFideId "30966396"]
[WhiteElo "2150"]
[BlackElo "2572"]
[Result "1-0"]
[Round "07"]
[TimeControl "180+1"]
[Date "2022.09.20"]
[WhiteClock "0:01:28"]
[BlackClock "0:00:18"]

1. e4 c5 2. Nf3 e6 3. d4 cxd4 4. Nxd4 Nc6 5. Nc3 Qc7 6. Nb3 Nf6 7. Bd3 a6 8. O-O b5 9. f4 b4 10. Na4 d5 11. exd5 exd5 12. Be3 Bd6 13. Qf3 Bg4 14. Qf2 O-O 15. h3 Bd7 16. Bc5 Ne7 17. Bxd6 Qxd6 18. Qc5 Qxc5+ 19. Naxc5 Bf5 20. Rfe1 Bxd3 21. cxd3 Nc6 22. Rac1 a5 23. Nd7 Rfc8 24. Nb6 a4 1-0


[Site "https://www.chess.com"]

[Event "Titled Tuesday Blitz September 20 Late 2022"]
[White "Christiansen, Johan-Sebastian"]
[Black "Paravyan, David"]
[WhiteFideId "1512668"]
[BlackFideId "4194985"]
[WhiteElo "2513"]
[BlackElo "2555"]
[Result "0-1"]
[Round "07"]
[TimeControl "180+1"]
[Date "2022.09.20"]
[WhiteClock "0:00:02"]
[BlackClock "0:00:52"]

1. e4 c5 2. Nf3 d6 3. c3 Nf6 4. Be2 Bd7 5. Qc2 Bc6 6. d3 g6 7. O-O Bg7 8. h3 O-O 9. Be3 e5 10. Nbd2 Re8 11. a3 a5 12. b3 h6 13. Rfe1 Nbd7 14. Rab1 b6 15. b4 axb4 16. axb4 d5 17. bxc5 bxc5 18. exd5 Nxd5 19. Bf1 e4 20. Nxe4 Nxe3 21. Rxe3 c4 22. d4 Qc7 23. Ned2 Rxe3 24. fxe3 Re8 25. Bxc4 Bxf3 26. Rf1 Rxe3 27. Qxg6 Qxc4 28. Nxc4 fxg6 29. Nxe3 Be4 30. Ra1 h5 31. Ra7 Nf6 32. Ra5 Bd3 33. c4 Ne4 34. Ra3 Be2 35. Ra2 Bd3 36. Ra3 Bb1 37. d5 Bd4 38. Kh2 Nd2 39. Kh1 Kf7 40. d6 Ke6 41. Nd5 Nxc4 42. d7 Kxd7 43. Ra4 Kd6 44. Nf4 Kc5 45. Nxg6 Bxg6 46. Ra6 Be8 47. Re6 Nd6 48. Kh2 Kd5 49. Re7 Bf6 50. Re1 Be5+ 51. Kg1 Bg6 52. Rd1+ Ke6 53. Kf2 Ne4+ 54. Ke3 Nf6 55. Kf3 h4 56. Re1 Kf5 57. Rf1 Nd5 58. Re1 Bh5+ 0-1


[Site "https://www.chess.com"]

[Event "Titled Tuesday Blitz September 20 Late 2022"]
[White "Cukrowski, Filip"]
[Black "Rosen, Eric"]
[WhiteFideId "1171097"]
[BlackFideId "2032562"]
[WhiteElo "2093"]
[BlackElo "2362"]
[Result "1-0"]
[Round "07"]
[TimeControl "180+1"]
[Date "2022.09.20"]
[WhiteClock "0:00:16"]
[BlackClock "0:00:03"]

1. d4 d5 2. c4 e6 3. Nc3 Nf6 4. g3 c5 5. cxd5 cxd4 6. Qxd4 Nc6 7. Qd1 exd5 8. e3 d4 9. exd4 Nxd4 10. Be3 Bc5 11. Nf3 Nxf3+ 12. Qxf3 Bxe3 13. Qxe3+ Be6 14. Bb5+ Ke7 15. Rd1 Qb6 16. Rd7+ Nxd7 17. Nd5+ Kf8 18. Nxb6 Nxb6 19. O-O h5 20. Rc1 h4 21. Rc7 Kg8 22. Rxb7 Rd8 23. Be2 Nd5 24. Qg5 Nf6 25. Rxa7 h3 26. Qa5 Rc8 27. Ra8 Kh7 28. Rxc8 Rxc8 29. f3 Rc1+ 30. Kf2 Rc2 31. b4 g6 32. Ke1 Rxa2 33. Qd8 Nd5 34. b5 Ra1+ 35. Kd2 Ra2+ 36. Ke1 Ra1+ 37. Kd2 Ra2+ 38. Kd3 Rb2 39. Qh4+ Kg7 40. Qd4+ Kf8 41. Qxb2 Bf5+ 42. Kd4 Nc7 43. b6 Ne6+ 44. Ke5 Ke7 45. Qb4+ Kd7 46. Bb5+ Kc8 47. Qc4+ Kb7 48. Qc6+ Kb8 49. b7 Nd8 50. Qd6+ Kxb7 51. Qxd8 f6+ 52. Qxf6 Bb1 53. Bc4 Bc2 54. Bd5+ Kc7 55. Qc6+ Kd8 56. Qxc2 g5 57. Qg6 g4 58. Kd6 Kc8 59. Qg8# 1-0


[Site "https://www.chess.com"]

[Event "Titled Tuesday Blitz September 20 Late 2022"]
[White "Donchenko, Alexander"]
[Black "Goroshkov, Maksym"]
[WhiteFideId "24603295"]
[BlackFideId "14142716"]
[WhiteElo "2572"]
[BlackElo "2257"]
[Result "1-0"]
[Round "07"]
[TimeControl "180+1"]
[Date "2022.09.20"]
[WhiteClock "0:00:48"]
[BlackClock "0:00:20"]

1. Nf3 Nf6 2. g3 g6 3. Bg2 Bg7 4. O-O O-O 5. d4 d5 6. c4 dxc4 7. Na3 c6 8. Nxc4 Bf5 9. b3 Nbd7 10. Bb2 Nb6 11. Nce5 Qc8 12. Re1 Bh3 13. Bh1 Ng4 14. Nd3 Rd8 15. Nf4 Nh6 16. Nxh3 Qxh3 17. Qc2 Qh5 18. Bg2 Ng4 19. Rad1 Nf6 20. a4 Rac8 21. e4 h6 22. Bc3 g5 23. a5 Na8 24. Ne5 Ng4 25. Nxg4 Qxg4 26. e5 Nc7 27. Be4 Nd5 28. Bf5 Qf3 29. Bxc8 Qxc3 30. Qxc3 Nxc3 31. Rd3 Rxc8 32. Rxc3 Rd8 33. Rc4 a6 34. Rb4 Rd7 35. f4 e6 36. Kf2 Bf8 37. Rc4 Be7 38. Ke3 Bd8 39. b4 f5 40. exf6 Bxf6 41. Ke4 Kf7 42. f5 exf5+ 43. Kxf5 Bxd4 44. Rd1 Rd5+ 45. Kg4 Be5 46. Rxd5 cxd5 47. Rc8 Bd6 48. Kf5 Bxb4 49. Rc7+ Ke8 50. Ke6 Kd8 51. Rxb7 Bxa5 52. Kxd5 Bc7 53. Ra7 a5 54. Kc6 Be5 55. Rxa5 Bc3 56. Ra7 Ke8 57. Rh7 Kf8 58. Rxh6 Kg7 59. Re6 Bd4 60. Kd5 Bg1 61. h3 Bf2 62. g4 Kf7 63. Rc6 Be3 64. Ke4 Bd2 65. Kf5 Be3 66. Rg6 Bd2 67. Rxg5 1-0


[Site "https://www.chess.com"]

[Event "Titled Tuesday Blitz September 20 Late 2022"]
[White "Fernandez De La Vara, Arnaldo"]
[Black "Muradli, Mahammad"]
[WhiteFideId "3518388"]
[BlackFideId "13409301"]
[WhiteElo "2387"]
[BlackElo "2611"]
[Result "0-1"]
[Round "07"]
[TimeControl "180+1"]
[Date "2022.09.20"]
[WhiteClock "0:00:13"]
[BlackClock "0:00:27"]

1. Nf3 Nf6 2. b3 g6 3. Bb2 Bg7 4. g3 b6 5. Bg2 Bb7 6. O-O c5 7. c4 O-O 8. Nc3 d6 9. d4 cxd4 10. Nxd4 Bxg2 11. Kxg2 Qc8 12. Nf3 Qb7 13. Qd2 Nbd7 14. Kg1 a6 15. a4 Rac8 16. Rab1 Nc5 17. Ba1 Rfd8 18. Rfd1 h5 19. h4 Qd7 20. Kg2 Qf5 21. Qg5 Qe6 22. Nd4 Qd7 23. Nf3 Qb7 24. Kg1 Rd7 25. Nh2 Ne6 26. Qe3 d5 27. cxd5 Nxd5 28. Nxd5 Rxd5 29. Rxd5 Qxd5 30. Bxg7 Kxg7 31. Nf3 Rc2 32. Kf1 b5 33. axb5 axb5 34. Qe5+ Qxe5 35. Nxe5 Nd4 36. e3 Ne2 37. Rd1 Nc3 38. Rd7 Ne4 39. Nd3 e6 40. Kg2 Rd2 41. Ne5 Rxf2+ 42. Kg1 Rf5 43. Nc6 Nxg3 44. Nd4 Re5 45. Kf2 Nf5 46. Ke2 Rxe3+ 47. Kd2 Re5 48. Nf3 Rd5+ 49. Rxd5 exd5 50. Kc3 d4+ 51. Kb4 d3 52. Kxb5 Nxh4 53. Nd2 g5 54. Kc5 g4 55. b4 Nf3 56. b5 Nxd2 57. b6 g3 58. b7 g2 59. b8=Q g1=Q+ 60. Kd5 Qg5+ 61. Kd4 Nf3+ 62. Kxd3 Qd5+ 63. Kc2 Qe4+ 64. Kb3 Nd4+ 65. Kc3 Qe3+ 66. Kc4 Ne6 67. Qb2+ Qd4+ 68. Qxd4+ Nxd4 69. Kxd4 Kg6 70. Ke3 Kg5 71. Kf3 f5 72. Kg3 f4+ 73. Kf3 Kf5 74. Kf2 Kg4 75. Kg2 h4 76. Kh2 h3 77. Kh1 Kg3 78. Kg1 f3 79. Kh1 Kf2 80. Kh2 Ke2 81. Kg3 f2 82. Kh2 f1=Q 83. Kg3 Qg2+ 84. Kf4 h2 0-1


[Site "https://www.chess.com"]

[Event "Titled Tuesday Blitz September 20 Late 2022"]
[White "Goncalves, Davi Sulzbacher"]
[Black "Nasuta, Grzegorz"]
[WhiteFideId "2154510"]
[BlackFideId "1141686"]
[WhiteElo "2107"]
[BlackElo "2354"]
[Result "0-1"]
[Round "07"]
[TimeControl "180+1"]
[Date "2022.09.20"]
[WhiteClock "0:00:20"]
[BlackClock "0:00:13"]

1. Nf3 Nf6 2. g3 c5 3. Bg2 d5 4. O-O e6 5. b3 Be7 6. Bb2 O-O 7. e3 Nc6 8. d4 b6 9. Nbd2 Bb7 10. Ne5 Nxe5 11. dxe5 Nd7 12. c4 Qc7 13. cxd5 exd5 14. f4 Rfd8 15. Qh5 Nf8 16. f5 f6 17. exf6 Bxf6 18. Bxf6 gxf6 19. Rf4 Rd7 20. Raf1 Rg7 21. Qh6 Qe5 22. e4 dxe4 23. Nxe4 Bxe4 24. Rxe4 Qd6 25. Bf3 Rd8 26. Kg2 Qd2+ 27. Qxd2 Rxd2+ 28. Rf2 Rgd7 29. Ree2 R2d4 30. g4 h6 31. Kg3 Kf7 32. Kh4 Nh7 33. Kh5 Ng5 34. Bg2 Kg7 35. h4 Nf7 36. Re6 Nd8 37. Re8 Nf7 38. Rfe2 Rd2 39. R8e7 Rxe2 40. Rxe2 Rc7 41. Bd5 b5 42. Be6 c4 43. bxc4 bxc4 44. Rc2 c3 45. Bb3 Ne5 46. g5 hxg5 47. hxg5 fxg5 48. Kxg5 Nf3+ 49. Kf4 Nd4 50. Rg2+ Kf8 51. Rg8+ Ke7 52. Rg7+ Kd6 53. Rg6+ Kc5 54. Ke4 Nxb3 55. axb3 c2 56. Rg1 Kb4 57. Rc1 Kxb3 58. f6 Kb2 59. Rf1 c1=Q 60. Rxc1 Kxc1 61. Kd5 a5 62. Ke6 a4 63. Kd6 Rf7 64. Ke6 Rxf6+ 65. Kd5 a3 66. Kc4 a2 67. Kb3 a1=Q 68. Kc4 Qe5 69. Kd3 Rf3+ 70. Kc4 Qe4+ 71. Kb5 Rf5+ 72. Ka6 Qe6+ 73. Kb7 Rf7+ 0-1


[Site "https://www.chess.com"]

[Event "Titled Tuesday Blitz September 20 Late 2022"]
[White "Leitao, Rafael"]
[Black "Bluebaum, Matthias"]
[WhiteFideId "2101246"]
[BlackFideId "24651516"]
[WhiteElo "2609"]
[BlackElo "2633"]
[Result "0-1"]
[Round "07"]
[TimeControl "180+1"]
[Date "2022.09.20"]
[WhiteClock "0:00:12"]
[BlackClock "0:01:10"]

1. c4 e6 2. g3 d5 3. Bg2 Nf6 4. Nf3 dxc4 5. Qa4+ Bd7 6. Qxc4 c5 7. Ne5 Qc8 8. Nxd7 Qxd7 9. O-O Nc6 10. Qc2 Be7 11. Nc3 O-O 12. d3 Rac8 13. Be3 Nd4 14. Qd2 Rfd8 15. h3 b5 16. Rac1 h6 17. Rfd1 Nf5 18. Bf4 a6 19. Ne4 Qa7 20. g4 Nh4 21. Bh1 c4 22. Bxh6 gxh6 23. Nxf6+ Bxf6 24. Qxh6 Ng6 25. Be4 Bg7 26. Qh5 Nf4 27. Qh7+ Kf8 28. Kf1 cxd3 29. exd3 Qd4 30. Qh4 Qxb2 31. Rxc8 Qe2+ 0-1


[Site "https://www.chess.com"]

[Event "Titled Tuesday Blitz September 20 Late 2022"]
[White "Lenderman, Aleksandr"]
[Black "Khlebovich, Alexander"]
[WhiteFideId "2021285"]
[BlackFideId "4169123"]
[WhiteElo "2607"]
[BlackElo "2355"]
[Result "1-0"]
[Round "07"]
[TimeControl "180+1"]
[Date "2022.09.20"]
[WhiteClock "0:01:27"]
[BlackClock "0:00:08"]

1. e4 c5 2. d4 cxd4 3. c3 Nf6 4. e5 Nd5 5. Nf3 Nc6 6. cxd4 d6 7. Bc4 Nb6 8. Bb5 dxe5 9. Nxe5 Bd7 10. Nc3 Nxe5 11. dxe5 Bxb5 12. Nxb5 Qxd1+ 13. Kxd1 O-O-O+ 14. Ke2 Rd5 15. a4 Rxe5+ 16. Be3 Nd5 17. Nxa7+ Kb8 18. Nb5 Nxe3 19. fxe3 e6 20. Rhd1 Bc5 21. Rd3 Rc8 22. Rc1 Be7 23. Rcd1 Rc2+ 24. R1d2 Rxd2+ 25. Rxd2 Kc8 26. Kf3 Bc5 27. e4 f5 28. exf5 Rxf5+ 29. Ke4 Rg5 30. Rc2 Kd7 31. h4 Rd5 32. Rc4 Bb6 33. b4 Rd2 34. a5 Bd8 35. Rd4+ Rxd4+ 36. Nxd4 Bxh4 37. Nb3 Be7 38. b5 Bb4 39. Kd4 Kd6 40. Kc4 Be1 41. Nc5 Kc7 42. Nxe6+ Kb8 43. a6 bxa6 44. bxa6 Ka7 45. Kb5 Bc3 46. Nd8 g5 47. Nc6+ Ka8 48. Kc4 Bd2 49. Kd3 Bc1 50. Ke4 h5 51. Kf5 Bd2 52. Kg6 h4 53. Kf5 Bc1 54. Kg4 Bd2 55. Nd4 Ka7 56. Nf3 Bc1 57. Nxg5 Kxa6 58. Kxh4 Kb6 59. Kg4 Kc6 60. Kf5 Kd7 61. Kf6 Ke8 62. Ne6 Bb2+ 63. Kg6 Ke7 64. Nf4 Kf8 65. Kh6 Bc1 66. Kg5 Kf7 67. Kf5 Bb2 68. Ne6 Bc1 69. Ng5+ Kg7 70. Nf3 Kf7 71. Ne5+ Kg7 72. Ng4 Bd2 73. Nf6 Bc1 74. Nh5+ Kf7 75. Nf4 Kg7 76. g3 Kf7 77. Nh3 Kg7 78. Ng5 Bd2 79. Ne6+ Kf7 80. Nc5 Bc1 81. Ne4 Kg7 82. Nf2 Be3 83. Nd3 Bd2 84. Ne5 Be1 85. g4 Bd2 86. Nf3 Bc1 87. Ke6 Kg6 88. Ke5 Bd2 1-0


[Site "https://www.chess.com"]

[Event "Titled Tuesday Blitz September 20 Late 2022"]
[White "Lewtak, Damian"]
[Black "Vykouk, Jan"]
[WhiteFideId "1141724"]
[BlackFideId "349658"]
[WhiteElo "2329"]
[BlackElo "2352"]
[Result "1-0"]
[Round "07"]
[TimeControl "180+1"]
[Date "2022.09.20"]
[WhiteClock "0:01:33"]
[BlackClock "0:00:19"]

1. e4 c5 2. Nf3 Nc6 3. Bd3 g6 4. c3 Bg7 5. O-O e5 6. a4 Nge7 7. Qe2 O-O 8. Bc2 d5 9. d3 f5 10. Bg5 fxe4 11. dxe4 Bg4 12. Nbd2 h6 13. exd5 hxg5 14. dxc6 bxc6 15. Qc4+ Nd5 16. Qxg4 Nf4 17. Rfe1 Rb8 18. Rab1 c4 19. g3 e4 20. gxf4 exf3 21. Qe6+ Kh8 22. Qxg6 Kg8 23. Qh7+ Kf7 24. Qh5+ Kg8 25. Bh7+ 1-0


[Site "https://www.chess.com"]

[Event "Titled Tuesday Blitz September 20 Late 2022"]
[White "Lin, Dachey"]
[Black "Kamsky, Gata"]
[WhiteFideId "2029650"]
[BlackFideId "2000024"]
[WhiteElo "2313"]
[BlackElo "2666"]
[Result "1-0"]
[Round "07"]
[TimeControl "180+1"]
[Date "2022.09.20"]
[WhiteClock "0:00:23"]
[BlackClock "0:00:05"]

1. Nc3 d5 2. e4 c6 3. Nf3 Bg4 4. h3 Bxf3 5. Qxf3 e6 6. d3 g6 7. d4 Bg7 8. Be3 Ne7 9. g4 Nd7 10. O-O-O Qa5 11. Kb1 h6 12. h4 Rf8 13. Qg3 O-O-O 14. Qd6 Rfe8 15. Qf4 Rf8 16. e5 b5 17. Bd2 Qb6 18. Rh3 a6 19. a3 Kb7 20. Na2 Ka8 21. Bb4 c5 22. dxc5 Nxc5 23. Rc3 Rc8 24. Qd4 Na4 25. Qxb6 Nxb6 26. Bxe7 Rfe8 27. Rxc8+ Rxc8 28. f4 Kb7 29. Bd3 Nd7 30. Nc3 Re8 31. Bd6 g5 32. hxg5 hxg5 33. fxg5 Bxe5 34. Bxe5 Nxe5 35. Rf1 Rg8 36. g6 fxg6 37. Rf6 Re8 38. g5 Kc6 39. Ne2 Kd6 40. Nf4 Nxd3 41. cxd3 Ke5 42. Nxg6+ Kd4 43. Kc2 e5 44. Nh4 Rh8 45. Nf5+ Kc5 46. g6 1-0


[Site "https://www.chess.com"]

[Event "Titled Tuesday Blitz September 20 Late 2022"]
[White "Livaic, Leon"]
[Black "Sokolovsky, Yahli"]
[WhiteFideId "14531534"]
[BlackFideId "2820242"]
[WhiteElo "2540"]
[BlackElo "1920"]
[Result "0-1"]
[Round "07"]
[TimeControl "180+1"]
[Date "2022.09.20"]
[WhiteClock "0:00:14"]
[BlackClock "0:01:02"]

1. d4 d6 2. c4 e5 3. Nf3 e4 4. Ng5 f5 5. Nc3 Be7 6. Nh3 c6 7. g3 Nf6 8. Bg5 O-O 9. Nf4 e3 10. f3 Qb6 11. b3 Re8 12. Ng2 Ne4 13. Bxe7 Nf2 14. Qc2 Rxe7 15. Rg1 Qxd4 16. Nf4 Na6 17. a3 Nc5 18. Rb1 a5 19. Nh3 f4 20. Nxf4 Bf5 21. Qxf5 Qd2# 0-1


[Site "https://www.chess.com"]